AoeStats
← molnarvanessza96

MegaRandom

507834944Analyzed
3v3 RM · 11d ago on Sep 19, 2026· 21m 57s· 6 players
Game mode
Random Map
Map size
Normal (6 player)
Population
200
Speed
Normal
Resources
Standard
Victory
Conquest
Starting age
Dark Age
Ending age
Imperial Age
RankedLock teamsTeams togetherTeam positionsShared explorationLock speedFull tech treeHidden civsTurbo modeCheats
Victory
Defeat
🇭🇺 Celts · Hungary
866
+14
🇬🇧 Muisca · United Kingdom
788
+18
🇭🇺 Persians · Hungary
775
+18
🇺🇸 Persians · United States
927
-61
🇺🇸 Huns · United States
865
-38
🇺🇸 Maya · United States
680
-11
UncleMike2244
0:31 Loom
11:45 Feudal Age
12:30 Arson
12:43 Horse Collar
14:43 Wheelbarrow
14:45 Scale Mail Armor
rocknrollperson3
7:04 Loom
10:57 Feudal Age
12:17 Wheelbarrow
12:16 Double-Bit Axe
12:21 Horse Collar
15:50 Fletching
16:01 Padded Archer Armor
24:00 Castle Age
Reedr
10:10 Feudal Age
11:47 Horse Collar
13:19 Double-Bit Axe
16:43 Wheelbarrow
20:06 Scale Mail Armor
20:17 Forging
TheRamblingWorld
0:57 Loom
13:01 Feudal Age
13:33 Double-Bit Axe
13:28 Horse Collar
13:49 Stone Mining
14:50 Town Watch
15:44 Wheelbarrow
17:12 Fletching
17:28 Gold Mining
18:24 Scale Barding Armor
18:31 Forging
20:48 Castle Age
20:00 Arson
Sneaky Brit
2:36 Loom
12:24 Feudal Age
13:00 Double-Bit Axe
15:49 Horse Collar
19:44 Castle Age
18:21 Gold Mining
18:25 Stone Mining
18:21 Champi Runner
19:26 Forging
19:16 Scale Mail Armor
molnarvanessza96
10:35 Loom
14:17 Feudal Age
16:36 Wheelbarrow
15:56 Double-Bit Axe
15:55 Horse Collar
18:43 Castle Age
17:46 Forging
17:42 Scale Barding Armor
18:32 Bloodlines
20:23 Iron Casting
20:15 Hand Cart
Connection lost

Rejoining the realm…

Still unreachable

The connection could not be restored.

Session expired

The server has moved on; the page needs a fresh start.